Workbook
Name _Hlk31968479: Ф1!#REF!
Name _Hlk31971137: Ф1!#REF!
Name _Hlk32235699: Ф1!#REF!
Name _Hlk33473736: Ф2!#REF!

Sheet Ф1
A1: Kazakhtelecom JSC | B1: Interim condensed consolidated financial statements (unaudited)
A3: INTERIM CONDENSED CONSOLIDATED STATEMENT OF FINANCIAL POSITION
A5: As at 31 March 2026
A8: In thousands of tenge | B8: Note | C8: 31 March 2026 (unaudited) | D8: 31 December 2025 (audited)
A10: Assets
A11: Non-current assets
A12: Property and equipment | B12: 5 | C12: 659172639 | D12: 653291060
A13: Intangible assets | B13: 6 | C13: 158165038 | D13: 162716597
A14: Goodwill | C14: 56196278 | D14: 56196278
A15: Investments in associates | B15: 7 | C15: 889912 | D15: 966712
A16: Right-of-use assets | B16: 17 | C16: 58277460 | D16: 56955643
A17: Advances paid for non-current assets | C17: 21579831 | D17: 4291267
A18: Cost to obtain contracts | C18: 3318883 | D18: 3224957
A19: Cost to fulfil contracts | C19: 4070950 | D19: 4299786
A20: Other non-current non-financial assets | C20: 11796041 | D20: 11702302
A21: Financial assets at fair value through profit or loss | B21: 9 | C21: 155065524 | D21: 174030037
A22: Other non-current financial assets | B22: 10 | C22: 19077617 | D22: 17677017
A23: Equity instruments at fair value through profit or loss | B23: 32 | C23: 10594690 | D23: 12094090
A24: Total non-current assets | C24: =SUM(C12:C23) -> 1158204863 | D24: =SUM(D12:D23) -> 1157445746
A26: Current assets
A27: Inventories | C27: 16653482 | D27: 12832498
A28: Trade receivables | B28: 11 | C28: 70603965 | D28: 65592690
A29: Advances paid | C29: 5218884 | D29: 10210979
A30: Corporate income tax prepaid | C30: 21127247 | D30: 4572058
A31: Cost to fulfil contracts | C31: 550323 | D31: 478910
A32: Financial assets at fair value through profit or loss | B32: 9 | C32: 12291435 | D32: 12848168
A33: Other current non-financial assets | C33: 19975659 | D33: 21034372
A34: Other current financial assets | B34: 12 | C34: 25958292 | D34: 7326022
A35: Financial assets carried at amortised cost | B35: 13 | C35: 59782030 | D35: 39390226
A36: Cash and cash equivalents | B36: 14 | C36: 46024216 | D36: 72943700
C37: =SUM(C27:C36) -> 278185533 | D37: =SUM(D27:D36) -> 247229623
A39: Assets held for sale | C39: 0 | D39: 0
A40: Total current assets | C40: =C27+C28+C29+C30+C31+C32+C33+C36+C35+C34 -> 278185533 | D40: =D27+D28+D29+D30+D31+D32+D33+D36+D35+D34 -> 247229623
A41: Total assets | C41: =SUM(C24+C40) -> 1436390396 | D41: =SUM(D24+D40) -> 1404675369
A43: Equity
A44: Share capital | B44: 15 | C44: 12136529 | D44: 12136529
A45: Treasury shares | B45: 15 | C45: -7065614 | D45: -7065614
A46: Foreign currency translation reserve | C46: 41055 | D46: 53533
A47: Other reserves | B47: 15 | C47: 1820479 | D47: 1820479
A48: Retained earnings | C48: 618791117 | D48: 622334925
C49: =SUM(C44:C48) -> 625723566 | D49: =SUM(D44:D48) -> 629279852
A51: Non-controlling interests | C51: 103483976 | D51: 101853549
A52: Total equity | C52: =C49+C51 -> 729207542 | D52: =D49+D51 -> 731133401
A54: Non-current liabilities
A55: Borrowings | B55: 16 | C55: 157772941 | D55: 146339673
A56: Lease liabilities | B56: 17 | C56: 56472404 | D56: 57039144
A57: Employee benefit obligations | B57: 18 | C57: 13383407 | D57: 11472771
A58: Debt component of preferred shares | C58: 814868 | D58: 814868
A59: Contract liabilities | B59: 20 | C59: 20464780 | D59: 9345983
A60: Government grants | B60: 40 | C60: 40227393 | D60: 36722920
A61: Asset retirement obligation | C61: 4122233 | D61: 4492742
A62: Deferred tax liabilities | C62: 6045668 | D62: 7354167
A63: Other non-current financial liabilities | C63: 29673587 | D63: 29603063
A64: Total non-current liabilities | C64: =SUM(C55:C63) -> 328977281 | D64: =SUM(D55:D63) -> 303185331
A66: Current liabilities
A67: Borrowings | B67: 16 | C67: 240223930 | D67: 187842239
A68: Lease liabilities | B68: 17 | C68: 7577719 | D68: 5042667
A69: Employee benefit obligations | B69: 18 | C69: 1300519 | D69: 1189594
A70: Trade payables | B70: 19 | C70: 61815783 | D70: 104382742
A71: Corporate income tax payable | C71: 0 | D71: 8369
A72: Contract liabilities | B72: 22 | C72: 19187797 | D72: 18874740
A73: Government grants | B73: 24 | C73: 7012291 | D73: 10000765
A74: Other current non-financial liabilities | B74: 23 | C74: 21716334 | D74: 18820862
A75: Other current financial liabilities | B75: 21 | C75: 19371200 | D75: 24194659
C76: =C67+C68+C69+C70+C71+C72+C73+C75+C74 -> 378205573 | D76: =D67+D68+D69+D70+D71+D72+D73+D75+D74 -> 370356637
A78: Liabilities directly associated with assets held for sale | C78: 0 | D78: 0
A79: Total current liabilities | C79: =C76+C78 -> 378205573 | D79: =D76+D78 -> 370356637
A80: Total liabilities | C80: =C64+C79 -> 707182854 | D80: =D64+D76+D78 -> 673541968
A81: Total equity and liabilities | C81: =C52+C64+C76 -> 1436390396 | D81: =D52+D64+D79 -> 1404675369
A86: Chief Financial Officer
C87: Y. K. Korabayev
A89: Acting Chief Accountant
C90: B.K. Yermenbayev

Sheet Ф2
A1: Kazakhtelecom JSC | C1: Interim condensed consolidated financial statements (unaudited)
A3: INTERIM CONDENSED CONSOLIDATED STATEMENT OF COMPREHENSIVE INCOME
A5: For three months period ended 31 March 2026
A8: In thousands of tenge | B8: Note | C8: 31 March 2026 (unaudited) | D8: 31 March 2025 (unaudited)
A10: Revenue from contracts with customers | B10: 25 | C10: 140495706 | D10: 134033629
A11: Compensation for provision of universal services in rural areas | B11: 26 | C11: 0 | D11: 1986824
A12: Income from government grants | B12: 24 | C12: 2001514 | D12: 1899080
C13: =SUM(C10:C12) -> 142497220 | D13: =SUM(D10:D12) -> 137919533
A15: Rental income
A16: Income from lease of propety | C16: 290000 | D16: 216905
C17: =C13+C16 -> 142787220 | D17: =D13+D16 -> 138136438
A19: Cost of sales | B19: 27 | C19: -115547347 | D19: -106767322
A20: Gross profit | C20: =C13+C19+C16 -> 27239873 | D20: =D13+D19+D16 -> 31369116
A22: General and administrative expenses | C22: -8753736 | D22: -9214313
A23: Impairment loss on financial assets | B23: 35 | C23: -1049414 | D23: -25821363
A24: Impairment loss on non-financial assets | B24: 35 | C24: -53559 | D24: -145399
A25: Selling expenses | B25: 28 | C25: -1940040 | D25: -1664521
A26: Loss on disposal of property and equipment, net | C26: -102606 | D26: -62031
A27: Gain on revaluation of financial instruments at fair value through profit or loss | C27: 2553813 | D27: 0
A28: Other operating income | B28: 30 | C28: 1670250 | D28: 163269642
A29: Other operating expenses | B29: 30 | C29: -119375 | D29: -71416
A30: Operating profit | C30: =SUM(C20:C29) -> 19445206 | D30: =SUM(D20:D29) -> 157659715
A32: Group's share in loss of a joint venture | C32: -79352 | D32: -70745
A33: Finance costs | B33: 29 | C33: -15576540 | D33: -12714614
A34: Finance income | B34: 29 | C34: 6228411 | D34: 7513899
A35: Net foreign exchange loss | C35: -8907039 | D35: -19240879
A36: Profit before tax from continuing operations | C36: =SUM(C30:C35) -> 1110686 | D36: =SUM(D30:D35) -> 133147376
A38: Income tax expenses | B38: 31 | C38: -1824902 | D38: -26149750
A39: (Loss)/profit for the period from continuing operations | C39: =SUM(C36:C38) -> -714216 | D39: =SUM(D36:D38) -> 106997626
A42: Other comprehensive income/(loss)
A43: Other comprehensive (loss)/income to be reclassified to profit or loss in subsequent periods (net of tax)
A44: Foreign exchange differences from translation of financial statements of foreign subsidiaries | C44: -12478 | D44: 52644
A45: Net other comprehensive income/(loss) to be reclassified to profit or loss in subsequent periods | C45: =SUM(C44) -> -12478 | D45: =SUM(D44) -> 52644
A47: Other comprehensive income not to be reclassified to profit or loss in subsequent periods (net of tax)
A48: Actuarial (loss)/income on defined benefits plans | C48: -1010194 | D48: 3015968
A49: Tax effect | C49: -188971 | D49: 449922
A50: Net other comprehensive (loss)/income not to be reclassified to profit or loss in subsequent periods | C50: =SUM(C48+C49) -> -1199165 | D50: =SUM(D48+D49) -> 3465890
A51: Other comprehensive (loss)/income for the period, net of income tax | C51: =C45+C50 -> -1211643 | D51: =D45+D50 -> 3518534
A52: Other comprehensive (loss)/income for the period, net of income tax | C52: =C39+C51 -> -1925859 | D52: =D39+D51 -> 110516160
A54: Profit attributable to:
A55: Equity holders of the Parent | C55: -2344643 | D55: 106893259
A56: Non-controlling interests | C56: 1630427 | D56: 104363
C57: =SUM(C55:C56) -> -714216 | D57: =SUM(D55:D56) -> 106997622
A59: Total comprehensive income attributable to: | C59: -3556286 | D59: 110411793
A60: Equity holders of the Parent | C60: 1630427 | D60: 104363
A61: Non controlling interests | C61: =SUM(C59:C60) -> -1925859 | D61: =SUM(D59:D60) -> 110516156
A63: Earnings per share
A64: Basic, net profit for the period attributable to ordinary equity holders of the Parent, tenge | B64: 15 | C64: -216.91 | D64: 9715.36
A65: Diluted, net profit for the period attributable to ordinary equity holders of the Parent, tenge | B65: 15 | C65: -172.22 | D65: 9715.36
A69: =Ф1!A86 -> Chief Financial Officer
C70: =Ф1!C87 -> Y. K. Korabayev
A72: =Ф1!A89 -> Acting Chief Accountant
C73: =Ф1!C90 -> B.K. Yermenbayev

Sheet Ф3
A1: Kazakhtelecom JSC | C1: Interim condensed consolidated financial statements (unaudited)
A3: INTERIM CONDENSED CONSOLIDATED STATEMENT OF CASH FLOWS
A5: For three months period ended 31 March 2026
A7: In thousands of tenge | B7: Note | C7: 31 March 2026 (unaudited) | D7: 31 March 2025 (unaudited)
A9: Operating activities
A10: Profit before tax for the year | C10: 1110686 | D10: 106997626
A12: Adjustment for:
A13: Depreciation of property and equipment and right-of-use assets | B13: 5.17 | C13: 20286269 | D13: 18999642
A14: Amortisation of intangible assets | B14: 6 | C14: 7435318 | D14: 7402603
A15: Impairment loss on non-financial assets | B15: 35 | C15: 53559 | D15: 145399
A16: Impairment loss on financial assets | B16: 35 | C16: 1049414 | D16: 25821363
A17: Net expenses from revaluation of foreign currency items | C17: 8907039 | D17: 19240879
A18: Changes in employee benefit obligations | C18: 1011367 | D18: -1256862
A19: Group’s share of loss in joint ventures | B19: 7 | C19: 79352 | D19: 70745
A20: Finance costs | B20: 29 | C20: 15576540 | D20: 12714614
A21: Finance income | B21: 29 | C21: -6228411 | D21: -7513899
A22: Income from government grants | B22: 24 | C22: -2001514 | D22: -1899080
A23: Loss on disposal of property and equipment, net | C23: 102606 | D23: 62031
A24: Income from write-off of payables | C24: -373964
A25: Gain on revaluation of financial instruments at fair value through profit or loss | B25: 9 | C25: -2553813
A26: Operating cash flows before changes in operating assets and liabilities | C26: =SUM(C10:C25) -> 44454448 | D26: =SUM(D10:D25) -> 180785061
A28: Changes in operating assets and liabilities
A29: Change in trade receivables | C29: -6168894 | D29: -20727993
A30: Change in inventories | C30: -3820984 | D30: -1754242
A31: Change in other current assets | C31: 170245 | D31: -134191224
A32: Change in advances paid | C32: 4840549 | D32: 22099
A33: Change in trade payables | C33: -19154397 | D33: 11020626
A34: Change in cost to obtain contracts and cost to fulfil contracts | C34: 63497 | D34: 2245129
A35: Change in contract liabilities | C35: 11799901 | D35: -1436312
A36: Changes in other current liabilities | C36: -746298 | D36: 4769378
A37: Cash flows from operating activities | C37: =SUM(C26:C36) -> 31438067 | D37: =SUM(D26:D36) -> 40732522
A39: Income tax paid | C39: -18049460 | D39: -18557838
A40: Interest paid | C40: -10927834 | D40: -7279192
A41: Interest received | C41: 2618060 | D41: 2373451
A42: Net cash flows received from operating activities | C42: =SUM(C37:C41) -> 5078833 | D42: =SUM(D37:D41) -> 17268943
A44: Investing activities
A45: Purchase of property and equipment | C45: -49840006 | D45: -48703620
A46: Purchase of intangible assets | C46: -18224166 | D46: -7460259
A47: Proceeds from sale of property and equipment | C47: 35449 | D47: 27735
A48: Proceeds from sale of discontinued operations, net of disposed cash | C48: 12880404 | D48: 370790000
A49: Placement of deposits | C49: − | D49: -45095
A50: Return of cash on deposits | B50: 10 | C50: 8491 | D50: 41022
A51: Repayment of investment in Phoenix Fund Limited Partnership | C51: 1499400 | D51: −
A52: Purchase of financial assets at amortized cost | B52: 13 | C52: -31169730 | D52: -291526264
A53: Proceeds from sale of financial assets at amortized cost | B53: 13 | C53: 9055893 | D53: 20992846
A54: Issue of long-term loans to employees | C54: -812101 | D54: -7203
A55: Repayment of loans to employees | C55: 69474 | D55: 65931
A56: Issue of loans | C56: -16240000 | D56: −
A57: Net cash flows from/(used in) investing activities | C57: =SUM(C45:C56) -> -92736892 | D57: =SUM(D45:D56) -> 44175093
A59: Financing activities
A60: Proceeds from borrowings | C60: 94194345 | D60: 18000000
A61: Repayment of borrowings | B61: 16 | C61: -31293939 | D61: -69200000
A62: Repayment of principal portion of deferred tax liabilities | C62: − | D62: -970863
A63: Repayment of principal portion lease liabilities | B63: 17 | C63: -1296739 | D63: -1217801
A64: Net cash flows (used in) /from financing activities | C64: =SUM(C60:C63) -> 61603667 | D64: =SUM(D60:D63) -> -53388664
A66: Effect of foreign exchange differences on cash and cash equivalents | C66: -862936 | D66: -1627960
A67: Expected credit losses on cash and cash equivalents | B67: 14 | C67: -2156 | D67: -355
A68: Net change in cash and cash equivalents | C68: =C42+C57+C64+C66+C67 -> -26919484 | D68: =D42+D57+D64+D66+D67 -> 6427057
A70: Cash and cash equivalents, as at 1 January | B70: 14 | C70: =Ф1!D36 -> 72943700 | D70: 24479950
A71: Cash and cash equivalents, as at 31 March | B71: 14 | C71: =C68+C70 -> 46024216 | D71: =D68+D70 -> 30907007
A74: Significant non-cash transactions are disclosed in Note 33
A78: =Ф2!A69 -> Chief Financial Officer
C79: =Ф2!C70 -> Y. K. Korabayev
A81: =Ф2!A72 -> Acting Chief Accountant
C82: =Ф2!C73 -> B.K. Yermenbayev

Sheet Ф4
A1: Kazakhtelecom JSC | I1: Interim condensed consolidated financial statements (unaudited)
A3: INTERIM CONDENSED CONSOLIDATED STATEMENT OF CHANGES IN EQUITY
A5: For three months period ended 31 March 2026
B7: Attributable to equity holders of the Parent
A8: In thousands of tenge | B8: Shares outstanding | C8: Treasury shares | D8: Foreign currency translation reserve | E8: Other reserves | F8: Retained earnings | G8: Total | H8: Non-controlling interests | I8: Total equity
A10: Note | B10: 15 | C10: =B10 -> 15 | D10: =C10 -> 15 | E10: =D10 -> 15
A12: At 1 January 2025 (audited) | B12: 12136529 | C12: -7065614 | D12: -9266 | E12: 1820479 | F12: 751128422 | G12: 758010550 | H12: 96835822 | I12: 854846372
A14: Net profit for the period (unaudited) | B14: 0 | C14: 0 | D14: 0 | E14: 0 | F14: 106893263 | G14: 106893263 | H14: 104363 | I14: 106997626
A15: Other comprehensive (loss)/income (unaudited) | B15: 0 | C15: 0 | D15: 52644 | E15: 0 | F15: 3465890 | G15: 3518534 | H15: 0 | I15: 3518534
A16: Total comprehensive (loss)/income (unaudited) | B16: =SUM(B14:B15) -> 0 | C16: =SUM(C14:C15) -> 0 | D16: =SUM(D14:D15) -> 52644 | E16: =SUM(E14:E15) -> 0 | F16: =SUM(F14:F15) -> 110359153 | G16: =SUM(G14:G15) -> 110411797 | H16: =SUM(H14:H15) -> 104363 | I16: =SUM(I14:I15) -> 110516160
A18: At 31 March 2025 (unaudited) | B18: =B12+B16 -> 12136529 | C18: =C12+C16 -> -7065614 | D18: =D12+D16 -> 43378 | E18: =E12+E16 -> 1820479 | F18: =F12+F16 -> 861487575 | G18: =G12+G16 -> 868422347 | H18: =H12+H16 -> 96940185 | I18: =I12+I16 -> 965362532
A20: At 1 January 2026 (audited) | B20: 12136529 | C20: -7065614 | D20: 53533 | E20: 1820479 | F20: 622334925 | G20: =B20+C20+D20+E20+F20 -> 629279852 | H20: 101853549 | I20: =G20+H20 -> 731133401
A22: Net profit for the period (unaudited) | B22: 0 | C22: 0 | D22: 0 | E22: 0 | F22: -2344643 | G22: -2344643 | H22: 1630427 | I22: =G22+H22 -> -714216
A23: Other comprehensive loss (unaudited) | B23: 0 | C23: 0 | D23: -12478 | E23: 0 | F23: -1199165 | G23: -1211643 | H23: 0 | I23: =G23+H23 -> -1211643
A24: Total comprehensive loss (unaudited) | B24: =SUM(B22:B23) -> 0 | C24: =SUM(C22:C23) -> 0 | D24: =SUM(D22:D23) -> -12478 | E24: =SUM(E22:E23) -> 0 | F24: =SUM(F22:F23) -> -3543808 | G24: =SUM(G22:G23) -> -3556286 | H24: =SUM(H22:H23) -> 1630427 | I24: =SUM(I22:I23) -> -1925859
A26: At 31 March 2026 (unaudited) | B26: =B20+B24 -> 12136529 | C26: =C20+C24 -> -7065614 | D26: =D20+D24 -> 41055 | E26: =E20+E24 -> 1820479 | F26: =F20+F24 -> 618791117 | G26: =G20+G24 -> 625723566 | H26: =H20+H24 -> 103483976 | I26: =I20+I24 -> 729207542
A30: =Ф3!A78 -> Chief Financial Officer
H31: =Ф3!C79 -> Y. K. Korabayev
A33: =Ф3!A81 -> Acting Chief Accountant
H34: =Ф3!C82 -> B.K. Yermenbayev
